 Dungeon Crawl Stone Soup version 0.30-a0-23-ge60ba3568b (webtiles) character file.

Game seed: 4398387531124584570

1932 Setbun the Basher (level 8, -5/70 HPs)
             Began as a Minotaur Fighter on Aug 25, 2022.
             Was an Initiate of Okawaru.
             Slain by an orc warrior
             ... wielding a +0 battleaxe
              (6 damage)
             ... on level 6 of the Dungeon.
             The game lasted 00:06:45 (5969 turns).

Setbun the Basher (Minotaur Fighter)                Turns: 5969, Time: 00:06:46

Health: -5/70      AC: 12    Str: 23    XL:     8   Next: 97%
Magic:  7/7        EV:  5    Int:  5    God:    Okawaru [......]
Gold:   158        SH:  0    Dex: 10    Spells: 7/7 levels left

rFire   + + .      SeeInvis .    w - +1 whip of Odaxib {vorpal, rElec}
rCold   + . .      Faith    .    d - +0 kite shield
rNeg    . . .      Spirit   .    h - +0 plate armour
rPois   +          Reflect  .    (helmet restricted)
rElec   +          Harm     .    l - scarf {repulsion}
rCorr   +          Rampage  .    (no gloves)
Will    .....                    (no boots)
Stlth   ..........               (no amulet)
HPRegen 0.21/turn                f - ring of protection from fire
MPRegen 0.10/turn                (no ring)

@: confused, resistant, repel missiles
A: horns 2, retaliatory headbutt
a: Renounce Religion


You were on level 6 of the Dungeon.
You worshipped Okawaru.
Okawaru was noncommittal.
You visited 2 branches of the dungeon, and saw 7 of its levels.

You collected 345 gold pieces.
You spent 187 gold pieces at shops.

Inventory:

Hand Weapons
 a - a +0 flail
 w - the +1 whip of Odaxib (weapon) {vorpal, rElec}
   (You bought it in a shop on level 5 of the Dungeon)

   It inflicts extra damage upon your enemies.
   rElec:     It insulates you from electricity.
Armour
 d - a +0 kite shield (worn)
 h - a +0 plate armour (worn)
 l - a scarf of repulsion (worn)
Jewellery
 f - a ring of protection from fire (left hand)
Wands
 y - a wand of charming (5)
Scrolls
 e - 4 scrolls of amnesia {unknown}
 g - a scroll of poison {unknown}
 k - 6 scrolls of identify {unknown}
 m - a scroll of summoning {unknown}
 p - a scroll of vulnerability {unknown}
 r - a scroll of noise {unknown}
 s - 6 scrolls of teleportation {unknown}
 t - 2 scrolls of torment {unknown}
Potions
 b - 3 potions of resistance
 c - a potion of mutation {unknown}
 i - a potion of lignification {unknown}
 j - 3 potions of attraction {unknown}
 n - a potion of haste {unknown}
 o - 6 potions of curing {unknown}
 q - a potion of degeneration {unknown}
 u - 4 potions of heal wounds {unknown}
 v - a potion of flight {unknown}
 x - a potion of might


   Skills:
 * Level 5.9 Fighting
 - Level 12.0 Maces & Flails
 + Level 5.6 Armour
 + Level 0.4 Dodging
 + Level 5.1 Shields


You had 7 spell levels left.
You didn't know any spells.
Your spell library contained the following spells:

 Spells                   Type           Power      Damage    Failure   Level
 Slow                     Hex            0%         N/A       100%        1
 Sublimation of Blood     Necr           0%         N/A       100%        2
 Wereblood                Tmut           0%         N/A       100%        2
 Confusing Touch          Hex            0%         N/A       100%        3
 Conjure Flame            Conj/Fire      0%         6-21      100%        3
 Ignite Poison            Fire/Tmut/Pois 0%         N/A       100%        3
 Vampiric Draining        Necr           0%         2d6       100%        3
 Airstrike                Air            0%         2d(0-16)  100%        4
 Sticky Flame             Conj/Fire      0%         2d3       100%        4
 Lightning Bolt           Conj/Air       0%         1d11      100%        5
 Summon Lightning Spire   Summ/Air       Unusable   N/A       N/A         4
 Summon Hydra             Summ           Unusable   N/A       N/A         7

Dungeon Overview and Level Annotations

Branches:
Dungeon (6/15)             Temple (1/1) D:6

Altars:
Ashenzari
Cheibriados
Fedhas
Gozag
Hepliaklqana
Makhleb
Okawaru
Ru
Sif Muna
Trog
Vehumet
Yredelemnul
Zin

Shops:
D:2 =   D:5 (*


Innate Abilities, Weirdness & Mutations

You have a pair of horns on your head.
You reflexively headbutt those who attack you in melee.


Message History

Deactivating autopickup; reactivate with Ctrl-A.
You whack the orc wizard!
The orc wizard is severely wounded.
The orc warrior hits you with a +0 battleaxe!
You block the orc wizard's attack.
Unknown command.
You hit the orc wizard.
You kill the orc wizard!
Okawaru accepts your kill. You block the orc warrior's attack.
You hit the orc priest but do no damage.
You headbutt the orc priest.
The orc priest is moderately wounded.
The orc priest hits you with a +0 hand axe.
* * * LOW HITPOINT WARNING * * *
You hear some strange, mumbled words.
You are confused.
The orc priest attacks as you move away!
The orc priest barely misses you.
The orc warrior hits you with a +0 battleaxe!
* * * LOW HITPOINT WARNING * * *
You whack the orc priest!
The orc priest is almost dead.
The orc warrior barely misses you.
The orc warrior attacks as you move away!
The orc warrior hits you with a +0 battleaxe!
* * * LOW HITPOINT WARNING * * *
The orc priest mumbles some strange prayers to Beogh against you.
Pain shoots through your body!
* * * LOW HITPOINT WARNING * * *
Something hits you.
* * * LOW HITPOINT WARNING * * *
It was a potion of resistance.
You feel protected.
The orc priest hits you but does no damage.
You hear some strange, mumbled words.
A puff of flame appears from out of thin air!
The puff of flame is repelled.
The orc warrior hits you with a +0 battleaxe.
You die...

########..#.# #.........#.#
#...........# #.........###
.##.........# ............#
.............####
......)..o......####
.........@o...#.....#
.......PP.{._...PPP.#
............P...PPPP..#
.......................#
P......P.........P....P.##
....._...........)....PP..#
#..........................#
...........#......[......#.#
#.................[[..##...#


You could see an orc warrior and an orc priest.

Vanquished Creatures
  A steam dragon (D:6)
  A water moccasin (D:5)
  An ice beast (D:5)
  2 black bears
  3 centaurs
  2 ogres (D:5)
  2 phantoms
  2 scorpions (D:5)
  3 hounds
  4 orc priests
  3 iguanas
  A jelly (D:5)
  9 orc wizards
  Robin (D:4)
  6 adders
  An ufetubus (D:5)
  3 worms
  A dart slug (D:2)
  20 orcs
  9 ball pythons
  10 bats
  5 endoplasms
  5 giant cockroaches
  12 hobgoblins
  13 jackals
  3 quokkas
  3 frilled lizards
  12 goblins
  7 kobolds
  6 rats
151 creatures vanquished.

Vanquished Creatures (others)
  An orc wizard (D:6)
  An adder (D:6)
  56 fungi (D:6)
58 creatures vanquished.

Grand Total: 209 creatures vanquished

Notes
Turn   | Place    | Note
-------+----------+-------------------------------------------
     0 | D:1      | Setbun the Minotaur Fighter began the quest for the Orb.
     0 | D:1      | Reached XP level 1. HP: 19/19 MP: 0/0
    81 | D:1      | Reached skill level 3 in Maces & Flails
    90 | D:1      | Reached XP level 2. HP: 24/26 MP: 1/1
   320 | D:1      | Reached skill level 4 in Maces & Flails
   514 | D:1      | Reached XP level 3. HP: 31/31 MP: 2/2
   519 | D:1      | Found a faded altar of an unknown god.
   785 | D:2      | Reached skill level 5 in Maces & Flails
   795 | D:2      | Found Basies's Jewellery Shop.
  1157 | D:2      | Reached XP level 4. HP: 39/39 MP: 3/3
  1638 | D:3      | Reached skill level 6 in Maces & Flails
  1641 | D:3      | Reached XP level 5. HP: 45/45 MP: 4/4
  2285 | D:3      | Reached skill level 7 in Maces & Flails
  2788 | D:4      | Noticed a phantom
  2801 | D:4      | Killed a phantom
  2802 | D:4      | Reached XP level 6. HP: 46/51 MP: 5/5
  2845 | D:4      | Noticed Robin
  2864 | D:4      | Killed Robin
  2867 | D:4      | Reached skill level 8 in Maces & Flails
  3536 | D:5      | Entered Level 5 of the Dungeon
  3581 | D:5      | Found Wemmug Evai's Antique Weapon Boutique.
  3587 | D:5      | Bought a transparent whip for 187 gold pieces
  3587 | D:5      | Identified the +1 whip of Odaxib {vorpal, rElec} (You
                  | bought it in a shop on level 5 of the Dungeon)
  3723 | D:5      | Reached skill level 9 in Maces & Flails
  3723 | D:5      | Reached XP level 7. HP: 57/57 MP: 6/6
  4044 | D:5      | Reached skill level 10 in Maces & Flails
  4234 | D:5      | Reached skill level 11 in Maces & Flails
  4471 | D:5      | Found Pufulips's Serpentskin Sales.
  4485 | D:5      | Reached XP level 8. HP: 32/64 MP: 7/7
  4947 | D:5      | Reached skill level 12 in Maces & Flails
  5217 | D:6      | Found a burning altar of Makhleb.
  5244 | D:6      | Reached skill level 5 in Fighting
  5786 | D:6      | Reached skill level 5 in Armour
  5825 | D:6      | Found a snail-covered altar of Cheibriados.
  5899 | D:6      | Found a staircase to the Ecumenical Temple.
  5909 | Temple   | Entered the Ecumenical Temple
  5916 | Temple   | Became a worshipper of Warmaster Okawaru
  5953 | D:6      | Reached skill level 5 in Shields
  5968 | D:6      | HP: 2/70 [orc priest/nerve-wracking pain (4)]
  5969 | D:6      | Slain by an orc warrior

Illustrated notes

Levels and vault maps discovered:
D:1:      dpeg_arrival_arbitrary_a, layout_rooms,
          hellmonk_ecumenical_altar_heavens_door
D:2:      minmay_spotlight, layout_rooms, serial_shops, shop
D:3:      layout_basic, serial_aquarium, aquarium_bridge_square
          [aquarium_subvault_balcony, aquarium_subvault_balcony,
          aquarium_subvault_bridge, aquarium_subvault_bridge],
          aquarium_window_1, aquarium_window_corridor_1, aquarium_window_fake,
          aquarium_view_2b, aquarium_view_2c, aquarium_pool_2
D:4:      layout_basic, serial_curves, eino_curves_04, eino_curves_04,
          uniq_robin
D:5:      layout_loops_ring, serial_shops, kennysheep_little_box, minmay_holes,
          guppyfry_shop_venom
D:6:      layout_rooms, mainiacjoe_overflow_catch_the_wave,
          minmay_temple_entry_fiery
Temple:   minmay_freezing_vapour_temple

Skill      XL: |  1  2  3  4  5  6  7  8 |
---------------+-------------------------+-----
Maces & Flails | 3 4 5 6 7 9 11 12 | 12.0
Fighting       | 5 |  5.9
Armour         | 5 |  5.6
Shields        | 5 |  5.1
Dodging        | |  0.4

Action                   |  1- 3 |  4- 6 |  7- 9 || total
-------------------------+-------+-------+-------++-------
Melee: Flail             |    97 |   118 |       ||   215
       Headbutt          |     9 |    16 |    38 ||    63
       Whip              |       |    14 |   198 ||   212
  Use: Potion            |       |     1 |     1 ||     2
Armor: Scale mail        |    53 |       |       ||    53
       Plate armour      |    30 |   105 |   109 ||   244
Dodge: Dodged            |    72 |    45 |    35 ||   152
       Repelled          |     1 |       |     2 ||     3
Block: Buckler           |    35 |    28 |       ||    63
       Kite shield       |       |    11 |    80 ||    91

Table legend: (Time is in decaauts)
 A = Elapsed time spent in this place.
 B = Non-inter-level travel time spent in this place.
 C = Inter-level travel time spent in this place.
 D = Time resting spent in this place.
 E = Time spent auto-exploring this place.
 F = Levels seen in this place.
 G = Mean time per level.
                   A        B        C        D        E       F      G
               +--------+--------+--------+--------+--------+-----+--------+
         Total |   5953 |   5729 |    224 |   1174 |   3586 |   7 |  850.4 |
       Dungeon |   5939 |   5715 |    224 |   1174 |   3586 |   6 |  989.8 |
        Temple |     14 |     14 |      0 |      0 |      0 |   1 |   14.0 |
               +--------+--------+--------+--------+--------+-----+--------+

Top non-repeatable levels by time:
     D:5: 1989 daAuts
     D:3: 1173 daAuts
     D:4: 965 daAuts
     D:2: 731 daAuts
     D:1: 698 daAuts
     D:6: 380 daAuts
  Temple: 14 daAuts
